 Dungeon Crawl Stone Soup version 0.28.0-43-g3370ac3207 (webtiles) character file.

Game seed: 166947739290776333

607 Ablot the Grasshopper (level 7, 0/56 HPs)
             Began as a Gnoll Warper on Mar 23, 2022.
             Slain by an ufetubus (1 damage)
             ... on level 5 of the Dungeon.
             The game lasted 00:06:22 (5223 turns).

Ablot the Grasshopper (Gnoll Warper)                Turns: 5223, Time: 00:06:22

Health: 0/56       AC:  3    Str: 12    XL:     7   Next: 43%
Magic:  13/15      EV: 13    Int: 13    God:
Gold:   134        SH:  0    Dex: 13    Spells: 15/17 levels left

rFire   x . .      SeeInvis .   a - +1 trident "Balegh" {vorpal, rElec Dex+2}
rCold   + . .      Faith    .   (no shield)
rNeg    . . .      Spirit   .   b - +0 leather armour
rPois   .          Reflect  .   (no helmet)
rElec   +          Harm     .   (no cloak)
rCorr   .          Rampage  .   (no gloves)
Will    .....                   (no boots)
Stlth   ++........              (no amulet)
HPRegen 0.18/turn               g - ring of ice
MPRegen 0.14/turn               (no ring)

@: hasted, very quick
A: fangs 1, strong nose, distributed training
a: no special abilities


You were on level 5 of the Dungeon.
You visited 1 branch of the dungeon, and saw 5 of its levels.

You collected 134 gold pieces.

Inventory:

Hand Weapons
 a - the +1 trident "Balegh" (weapon) {vorpal, rElec Dex+2}
   (You found it on level 2 of the Dungeon)

   It inflicts extra damage upon your enemies.
   Dex:       It affects your dexterity (+2).
   rElec:     It insulates you from electricity.
 v - a +6 quarterstaff
Missiles
 d - 5 boomerangs of dispersal
 e - 144 stones
 h - 63 arrows
 j - a throwing net
 l - 39 sling bullets
 o - 9 poisoned darts (quivered)
 p - 19 bolts
Armour
 b - a +0 leather armour (worn)
Jewellery
 g - a ring of ice (left hand)
Scrolls
 c - 3 scrolls of blinking
 f - 3 scrolls of identify {unknown}
 i - a scroll of magic mapping {unknown}
 m - a scroll of vulnerability {unknown}
 n - a scroll of fog {unknown}
 t - a scroll of amnesia {unknown}
Potions
 s - a potion of invisibility {unknown}
 u - a potion of degeneration {unknown}
 w - a potion of brilliance {unknown}


   Skills:
 + Level 5.2 Fighting
 + Level 2.5 Short Blades
 + Level 2.5 Long Blades
 + Level 2.5 Axes
 + Level 2.5 Maces & Flails
 + Level 5.2 Polearms
 + Level 2.5 Staves
 + Level 2.5 Slings
 + Level 2.5 Bows
 + Level 2.5 Crossbows
 + Level 3.6 Throwing
 + Level 3.6 Armour
 + Level 5.2 Dodging
 + Level 2.5 Stealth
 + Level 2.5 Shields
 + Level 2.5 Unarmed Combat
 + Level 5.6 Spellcasting
 + Level 2.0 Conjurations
 + Level 2.0 Hexes
 + Level 2.0 Summonings
 + Level 2.0 Necromancy
 + Level 5.8 Translocations
 + Level 2.0 Transmutations
 + Level 2.0 Fire Magic
 + Level 2.0 Ice Magic
 + Level 2.0 Air Magic
 + Level 2.0 Earth Magic
 + Level 2.0 Poison Magic
 + Level 2.7 Invocations
 + Level 2.5 Evocations


You had 15 spell levels left.
You knew the following spells:

 Your Spells              Type           Power      Damage    Failure   Level
a - Blink                 Tloc           36%        N/A       3%          2

Your spell library contained the following spells:

 Spells                   Type           Power      Damage    Failure   Level
 Gell's Gravitas          Tloc           18%        N/A       6%          3
 Lesser Beckoning         Tloc           18%        N/A       6%          3
 Teleport Other           Tloc           18%        N/A       6%          3
 Conjure Flame            Conj/Fire      9%         6-21      28%         3
 Ignite Poison            Fire/Tmut/Pois 9%         N/A       28%         3
 Manifold Assault         Tloc           18%        N/A       50%         5
 Sticky Flame             Conj/Fire      9%         2d3       67%         4
 Malign Gateway           Summ/Tloc      6%         N/A       100%        7
 Summon Horrible Things   Summ           4%         N/A       100%        8


Dungeon Overview and Level Annotations

Branches:
Dungeon (5/15)
 Temple: D:4-7

Altars:
Fedhas
Hepliaklqana
Qazlal


Innate Abilities, Weirdness & Mutations

You have very sharp teeth.
Your uncanny sense of smell can sniff out nearby items.
Your experience applies equally to all skills.


Message History

Unknown command.
It was a potion of curing.
You feel better.
Unknown command.
Throw: 10 darts (poison)
Press: ? - help, Q - select action, (/) - cycle Shift-Dir - straight line, f - ufetubus
Aim: an ufetubus (42% to hit)
You throw a poisoned dart.
The poisoned dart barely misses the ufetubus.
Unknown command.
You are too injured to fight recklessly!
Reach: a) +1 trident "Balegh" {vorpal, rElec Dex+2}
Press: ? - help, Dir - move target, f/p - ufetubus
Aim: an ufetubus (about 56% to evade the +1 trident "Balegh")
You reach to attack!
You closely miss the ufetubus. You closely miss the ufetubus.
The ufetubus hits you.
* * * LOW HITPOINT WARNING * * *
The ufetubus hits you.
* * * LOW HITPOINT WARNING * * *
The bullfrog skeleton hits you.
* * * LOW HITPOINT WARNING * * *
Unknown command.
Casting: Blink (safe; 3% risk of failure)
Confirm with . or Enter, or press ? or * to list all spells.
You are still too unstable to blink.
You closely miss the ufetubus. Your bite misses the ufetubus.
The ufetubus hits you.
* * * LOW HITPOINT WARNING * * *
The ufetubus closely misses you.
Unknown command.
You hit the ufetubus but do no damage. Your bite misses the ufetubus.
The bullfrog skeleton hits you but does no damage.
The ufetubus misses you.
The ufetubus hits you but does no damage.
Unknown command.
You miss the ufetubus. Your bite misses the ufetubus.
You feel stable enough to blink again. The bullfrog skeleton hits you.
* * * LOW HITPOINT WARNING * * *
The ufetubus hits you.
You die...

##### ##...## .#
##.....## .##
.##.......# ..##
.......... ...###
#.......# .....##
##Z....###...#...
#@5..............
##.....##5J.###.
##..<###.#.#∆
##..# S5. #
##.#.#...
#......##
...###.# .#.#∆ ..
∆ #...# .#


You could see an ufetubus and a bullfrog skeleton.

Vanquished Creatures
  An ice beast (D:4)
  Blork the orc (D:4)
  A scorpion (D:5)
  A wyvern skeleton (D:5)
  A jelly (D:4)
  An orc priest (D:4)
  An iguana (D:4)
  2 orc wizards (D:3)
  A hound skeleton (D:4)
  4 gnolls
  A howler monkey skeleton (D:4)
  6 adders
  3 dart slugs
  14 orcs
  5 endoplasms (D:4)
  6 giant cockroaches
  3 goblins
  7 hobgoblins
  2 jackals
  4 quokkas
  8 ball pythons
  4 bats
  2 kobolds
  5 rats
84 creatures vanquished.

Notes
Turn   | Place    | Note
-------+----------+-------------------------------------------
     0 | D:1      | Ablot the Gnoll Warper began the quest for the Orb.
     0 | D:1      | Reached XP level 1. HP: 20/20 MP: 6/6
   184 | D:1      | Found a faded altar of an unknown god.
   378 | D:1      | Reached XP level 2. HP: 26/26 MP: 7/7
   381 | D:1      | Learned a level 2 spell: Blink
  1036 | D:2      | Reached skill level 5 in Spellcasting
  1036 | D:2      | Reached XP level 3. HP: 21/31 MP: 7/9
  1177 | D:2      | Reached skill level 1 in Invocations
  1184 | D:2      | Reached skill level 1 in Short Blades
  1184 | D:2      | Reached skill level 1 in Long Blades
  1184 | D:2      | Reached skill level 1 in Axes
  1184 | D:2      | Reached skill level 1 in Maces & Flails
  1184 | D:2      | Reached skill level 1 in Staves
  1184 | D:2      | Reached skill level 1 in Slings
  1184 | D:2      | Reached skill level 1 in Bows
  1184 | D:2      | Reached skill level 1 in Crossbows
  1184 | D:2      | Reached skill level 1 in Stealth
  1184 | D:2      | Reached skill level 1 in Shields
  1184 | D:2      | Reached skill level 1 in Unarmed Combat
  1184 | D:2      | Reached skill level 1 in Evocations
  1389 | D:2      | Reached XP level 4. HP: 28/38 MP: 11/11
  1794 | D:2      | Identified the +1 trident "Balegh" {vorpal, rElec Dex+2}
  1855 | D:2      | Found a blossoming altar of Fedhas.
  1947 | D:2      | Reached skill level 1 in Conjurations
  1947 | D:2      | Reached skill level 1 in Hexes
  1947 | D:2      | Reached skill level 1 in Summonings
  1947 | D:2      | Reached skill level 1 in Necromancy
  1947 | D:2      | Reached skill level 1 in Transmutations
  1947 | D:2      | Reached skill level 1 in Fire Magic
  1947 | D:2      | Reached skill level 1 in Ice Magic
  1947 | D:2      | Reached skill level 1 in Air Magic
  1947 | D:2      | Reached skill level 1 in Earth Magic
  1947 | D:2      | Reached skill level 1 in Poison Magic
  2518 | D:3      | Reached XP level 5. HP: 21/43 MP: 12/12
  3403 | D:4      | Noticed an ice beast
  3429 | D:4      | HP: 2/43 [orc/+0 club (4)]
  3433 | D:4      | Reached XP level 6. HP: 21/50 MP: 13/13
  3462 | D:4      | HP: 1/50 [ice beast (12)]
  3973 | D:4      | Killed an ice beast
  3974 | D:4      | Reached skill level 5 in Fighting
  3974 | D:4      | Reached skill level 5 in Polearms
  3974 | D:4      | Reached skill level 5 in Dodging
  4270 | D:4      | Noticed Blork the orc
  4286 | D:4      | Killed Blork the orc
  4287 | D:4      | Reached XP level 7. HP: 29/56 MP: 15/15
  4296 | D:4      | Found a hazy altar of Hepliaklqana.
  4299 | D:4      | Found a faded altar of an unknown god.
  4455 | D:4      | Found a stormy altar of Qazlal.
  4458 | D:4      | Noticed a water elemental
  4459 | D:4      | Noticed an air elemental
  4459 | D:4      | Noticed a fire elemental
  5115 | D:5      | Entered Level 5 of the Dungeon
  5221 | D:5      | HP: 2/56 [ufetubus (2)]
  5223 | D:5      | Slain by an ufetubus

Illustrated notes

Levels and vault maps discovered:
D:1:      elethiomel_arrival_infinity_welcomes_careful_drivers, layout_basic,
          shapermc_ecumenical_altar_venn
D:2:      layout_rooms, basic_altar
D:3:      layout_basic
D:4:      layout_loops_corners, nicolae_qazlal_style_of_elements,
          beargit_hepliaklqana_dungeon_heroes
D:5:      layout_loops_corners, grunt_temple_overflow_order_and_chaos_2,
          nicolae_ossuary_entry_ruins, minmay_fractal_squares_5, uniq_menkaure,
          uniq_eustachio

Skill      XL: |  1  2  3  4  5  6  7 |
---------------+----------------------+-----
Spellcasting   | 5 |  5.6
Invocations    | 1 2 |  2.7
Short Blades   | 1 2 |  2.5
Long Blades    | 1 2 |  2.5
Axes           | 1 2 |  2.5
Maces & Flails | 1 2 |  2.5
Staves         | 1 2 |  2.5
Slings         | 1 2 |  2.5
Bows           | 1 2 |  2.5
Crossbows      | 1 2 |  2.5
Stealth        | 1 2 |  2.5
Shields        | 1 2 |  2.5
Unarmed Combat | 1 2 |  2.5
Evocations     | 1 2 |  2.5
Conjurations   | 1 2 |  2.0
Hexes          | 1 2 |  2.0
Summonings     | 1 2 |  2.0
Necromancy     | 1 2 |  2.0
Transmutations | 1 2 |  2.0
Fire Magic     | 1 2 |  2.0
Ice Magic      | 1 2 |  2.0
Air Magic      | 1 2 |  2.0
Earth Magic    | 1 2 |  2.0
Poison Magic   | 1 2 |  2.0
Throwing       | 3 |  3.6
Armour         | 3 |  3.6
Fighting       | 5 |  5.2
Polearms       | 5 |  5.2
Dodging        | 5 |  5.2
Translocations | |  5.8

Action                   |  1- 3 |  4- 6 |  7- 9 || total
-------------------------+-------+-------+-------++-------
Melee: Spear             |    78 |    26 |       ||   104
       Bite              |     4 |    17 |     4 ||    25
       Punch             |     1 |     2 |       ||     3
       Trident           |       |   141 |    54 ||   195
Throw: Stone             |     8 |     1 |       ||     9
       Dart              |       |     8 |     1 ||     9
 Cast: Blink             |       |     3 |     1 ||     4
  Use: Potion            |       |     1 |     3 ||     4
 Stab: Sleeping          |       |     4 |     2 ||     6
Armor: Leather armour    |     8 |    23 |    10 ||    41
Dodge: Dodged            |    39 |    73 |    30 ||   142
